 Dungeon Crawl Stone Soup version 0.31-a0-845-g9abc20d24f (webtiles) character file.

Game seed: 9055524383216505090

3927 Aneyh the Fighter (level 10, 0/67 HPs)
             Began as a Tengu Monk on Oct 3, 2023.
             Was an Elder of Hepliaklqana.
             Slain by an orc warrior
             ... wielding a +0 trident
              (3 damage)
             ... while petrified by a basilisk
             ... on level 8 of the Dungeon.
             The game lasted 00:17:27 (7060 turns).

Aneyh the Fighter (Tengu Monk)                      Turns: 7060, Time: 00:17:28

Health: 0/67       AC:  7    Str: 15    XL:     10   Next: 21%
Magic:  11/11      EV:  2    Int: 18    God:    Hepliaklqana [****..]
Gold:   532        SH:  0    Dex: 15    Spells: 9/9 levels left

rFire   . . .        a - +0 spear
rCold   . . .        n - +1 kite shield of the Nine Friars {Will- Regen+ Int+7 Dex-2}
rNeg    + + +        m - +0 leather armour
rPois   ∞            (helmet restricted)
rElec   .            G - +2 cloak
rCorr   .            Q - +0 pair of gloves
SInv    .            (boots unavailable)
Will    .....        P - amulet of magic regeneration
Stlth   +            U - +5 ring of evasion
HPRegen 1.11/turn    (no ring)
MPRegen 0.52/turn

%: acrobat
@: petrified, flying
A: reduced essence, beak, talons 3, evasive flight, acrobatic
a: Renounce Religion, Recall Ancestor, Ancestor Identity, Transference, Idealise


You were on level 8 of the Dungeon.
You worshipped Hepliaklqana.
Hepliaklqana was greatly pleased with you.
You visited 1 branch of the dungeon, and saw 8 of its levels.
You also visited: Sewer and Ossuary.

You collected 532 gold pieces.

Inventory:

Hand Weapons
 a - a +0 spear (weapon)
 b - the +8 whip "Snakebite" {venom, curare, rPois}
   (You found it on level 4 of the Dungeon)

   rPois:     It protects you from poison
 i - the +6 shillelagh "Devastator" {shatter}
   (You found it on level 5 of the Dungeon)
 z - a +0 trident
 J - a +2 short sword of protection
 O - a +0 war axe
 X - a +0 orcbow
 Y - a +0 halberd of venom
 Z - a +0 glaive
Missiles
 q - a throwing net (quivered)
 v - 2 javelins
 D - 4 curare-tipped darts
Armour
 m - a +0 leather armour (worn)
 n - the +1 kite shield of the Nine Friars (worn) {Will- Regen+ Int+7 Dex-2}
   (You found it on level 2 of the Dungeon)

   Int+7:     It affects your intelligence (+7).
   Dex-2:     It affects your dexterity (-2).
   Will-:     It decreases your willpower.
   Regen+:    It increases your rate of health regeneration.
 G - a +2 cloak (worn)
 Q - a +0 pair of gloves (worn)
Jewellery
 P - an amulet of magic regeneration (around neck)
 U - a +5 ring of evasion (left hand)
Wands
 I - a wand of flame (28)
 L - a wand of iceblast (13)
Scrolls
 g - 3 scrolls of blinking {unknown}
 j - 2 scrolls of noise
 o - a scroll of enchant weapon {unknown}
 p - a scroll of fog {unknown}
 r - 5 scrolls of vulnerability
 s - 5 scrolls of teleportation
 t - 2 scrolls of revelation {unknown}
 y - 2 scrolls of enchant armour {unknown}
 C - 2 scrolls of summoning {unknown}
 M - 3 scrolls of fear {unknown}
 S - a scroll of acquirement {unknown}
 W - a scroll of torment {unknown}
Potions
 c - 2 potions of ambrosia
 f - a potion of enlightenment {unknown}
 h - 4 potions of mutation {unknown}
 u - a potion of haste {unknown}
 w - 3 potions of attraction
 x - a potion of might {unknown}
 A - 4 potions of heal wounds
 B - 4 potions of lignification
 E - 3 potions of invisibility {unknown}
 N - a potion of berserk rage {unknown}
 R - 5 potions of curing {unknown}
 T - a potion of resistance {unknown}


   Skills:
 + Level 14.1 Fighting
 - Level 5.0 Polearms
 - Level 3.2 Dodging


You had 9 spell levels left.
You didn't know any spells.
Your spell library contained the following spells:

 Spells                   Type           Power      Damage    Failure   Level
 Magic Dart               Conj           0%         1d3       69%         1
 Slow                     Hex            0%         N/A       69%         1
 Searing Ray              Conj           0%         2d4       83%         2
 Confusing Touch          Hex            0%         N/A       96%         3
 Sigil of Binding         Hex            0%         N/A       96%         3
 Tukima's Dance           Hex            0%         N/A       96%         3
 Vampiric Draining        Necr           0%         2d6       96%         3
 Dimensional Bullseye     Hex/Tloc       0%         N/A       100%        4
 Fulminant Prism          Conj/Hex       0%         3d5       100%        4
 Iskenderun's Mystic Bla  Conj/Tloc      0%         2d3       100%        4


Dungeon Overview and Level Annotations

Branches:
Dungeon (8/15)             Temple (0/1) D:4           Sewer (visited)
Ossuary (visited)
   Lair: D:8-11

Altars:
Ashenzari
Hepliaklqana
Makhleb


Innate Abilities, Weirdness & Mutations

Your life essence is reduced to manifest your ancestor. (-10% HP)
You have a beak for a mouth.
You have claws for feet.
Your magical flight helps you evade attacks. (EV +4)
You can magically evade attacks while moving or waiting.


Message History

You are slowing down.
Cipactli barely misses the basilisk.
You block the orc warrior's attack. The yak gores you!
Cipactli blocks the basilisk's attack.
The basilisk gazes at you.
Your limbs have turned to stone.
You block the orc warrior's attack.
Cipactli hits the basilisk with a +0 flail!
The yak gores you!
The basilisk bites Cipactli but does no damage.
You have turned to stone.
You stop ascending the stairs.
The orc warrior hits you from afar with a +0 trident!
* * * LOW HITPOINT WARNING * * *
The yak gores you but does no damage.
Cipactli blocks the basilisk's attack.
The basilisk bites you.
* * * LOW HITPOINT WARNING * * *
Cipactli barely misses the basilisk.
The orc warrior hits you from afar with a +0 trident!
* * * LOW HITPOINT WARNING * * *
The yak gores you!
* * * LOW HITPOINT WARNING * * *
The basilisk bites Cipactli!
The basilisk gazes at you.
You struggle to resist.
The orc warrior hits you from afar with a +0 trident!
* * * LOW HITPOINT WARNING * * *
Cipactli hits the basilisk with a +0 flail!
The yak gores you but does no damage.
Cipactli blocks the basilisk's attack.
The basilisk gazes at you. The orc warrior completely misses you.
The yak gores you.
* * * LOW HITPOINT WARNING * * *
The basilisk bites Cipactli but does no damage.
The basilisk bites you!
* * * LOW HITPOINT WARNING * * *
Cipactli hits the basilisk with a +0 flail.
The orc warrior hits you but does no damage.
Cipactli blocks the basilisk's attack.
The yak gores you.
* * * LOW HITPOINT WARNING * * *
The basilisk gazes at you.
The orc warrior hits you from afar with a +0 trident!
You die...

#.....##.......## ..#
#..............# #.#
#.....#........### ..
########....##....###.
#...#.......... ..
#.###.###.......
#...#.o...##.##...
#...#.lYl.# .# ..o
#.....@R..# .. ..
####.†....#
#..........
#.......### #......##
##.....# #.....#
......#


You could see the friendly Cipactli the knight, a yak, 2 basilisks and an orc
warrior.

Vanquished Creatures
  Grinder (D:4)
  A yak (D:8)
  A wyvern (D:8)
  2 water moccasins (D:7)
  An orc warrior (D:7)
  6 ogres
  4 kobold brigands
  3 scorpions
  2 killer bees (D:7)
  2 howler monkeys
  3 hounds
  An orc priest (D:7)
  A gnoll bouda (D:7)
  An iguana (D:8)
  5 orc wizards
  6 mummies (Ossuary)
  4 gnolls (D:7)
  7 adders
  2 ufetubi
  2 worms
  5 dart slugs
  8 orcs
  4 ball pythons
  13 endoplasms
  4 giant cockroaches
  12 goblins
  2 jackals (D:2)
  9 quokkas
  5 bats
  6 frilled lizards
  A goblin zombie (D:7)
  8 kobolds
  2 kobold zombies (Ossuary)
  An orc zombie (Ossuary)
  12 rats
  A rat zombie (D:7)
148 creatures vanquished.

Vanquished Creatures (collateral kills)
  Sigmund (D:4)
  A yak (D:8)
  Eustachio (D:4)
  An orc warrior (D:7)
  An ice beast (D:7)
  An ogre (D:7)
  A centaur (D:7)
  A bullfrog (D:7)
  3 kobold brigands
  A killer bee (D:7)
  A howler monkey (D:7)
  A gnoll bouda (D:7)
  A sleepcap (D:7)
  An iguana (D:7)
  Crazy Yiuf (D:4)
  An orc wizard (D:7)
  2 mummies (Ossuary)
  4 gnolls (D:7)
  2 adders
  3 white imps
  7 orcs
  A bat (D:3)
  An endoplasm (D:3)
  3 giant cockroaches
  2 hobgoblins
  A quokka (D:3)
  A goblin (D:2)
  2 hobgoblin zombies (Ossuary)
  A kobold (D:3)
  A kobold zombie (Ossuary)
  2 orc zombies (Ossuary)
51 creatures vanquished.

Vanquished Creatures (others)
  A gnoll bouda (D:7)
  5 knights
6 creatures vanquished.

Grand Total: 205 creatures vanquished

Notes
Turn   | Place    | Note
-------+----------+-------------------------------------------
     0 | D:1      | Aneyh the Tengu Monk began the quest for the Orb.
     0 | D:1      | Reached XP level 1. HP: 14/14 MP: 2/2
   160 | D:1      | Reached XP level 2. HP: 16/19 MP: 3/3
   467 | D:1      | Reached skill level 4 in Fighting
   528 | D:1      | Reached XP level 3. HP: 24/24 MP: 4/4
   902 | D:2      | Identified the +1 kite shield of the Nine Friars {Will-
                  | Regen+ Int+7 Dex-2}
  1222 | D:2      | Reached XP level 4. HP: 30/30 MP: 5/5
  1270 | D:2      | Found a hazy altar of Hepliaklqana.
  1281 | D:2      | Became a worshipper of Hepliaklqana the Forgotten
  1281 | D:2      | Reached * piety under Hepliaklqana
  1281 | D:2      | Reached ** piety under Hepliaklqana
  1282 | D:2      | Remembered your ancestor Cipactli as a knight
  1484 | D:2      | Reached skill level 5 in Fighting
  2287 | D:4      | Reached XP level 5. HP: 32/32 MP: 6/6
  2326 | D:4      | Noticed Eustachio
  2398 | D:4      | Reached skill level 6 in Fighting
  2399 | D:4      | Found a glowing drain.
  2420 | Sewer    | Entered a sewer
  2574 | Sewer    | Noticed a kobold brigand
  2574 | Sewer    | Noticed a kobold brigand
  2589 | Sewer    | Killed a kobold brigand
  2590 | Sewer    | Reached XP level 6. HP: 28/37 MP: 7/7
  2742 | Sewer    | Reached skill level 7 in Fighting
  2887 | D:4      | Gained mutation: Your magical flight helps you evade
                  | attacks. (EV +4) [Tengu growth]
  2887 | D:4      | Reached XP level 7. HP: 32/43 MP: 8/8
  3010 | D:4      | Found a runed translucent door.
  3010 | D:4      | Found the +8 whip "Snakebite" {venom, curare, rPois}
  3011 | D:4      | Noticed Crazy Yiuf
  3020 | D:4      | Killed Crazy Yiuf
  3204 | D:4      | Noticed Grinder
  3208 | D:4      | Paralysed by Grinder for 3 turns
  3231 | D:4      | Killed Grinder
  3232 | D:4      | Reached skill level 5 in Polearms
  3436 | D:4      | Killed Eustachio
  3437 | D:4      | Reached skill level 8 in Fighting
  3467 | D:4      | Found a burning altar of Makhleb.
  3479 | D:4      | Found a staircase to the Ecumenical Temple.
  3647 | D:4      | Noticed Sigmund
  3659 | D:4      | Killed Sigmund
  3660 | D:4      | Reached skill level 9 in Fighting
  3660 | D:4      | Reached XP level 8. HP: 41/50 MP: 9/9
  3841 | D:5      | Entered Level 5 of the Dungeon
  3854 | D:5      | Found the +6 shillelagh "Devastator" {shatter}
  4056 | D:5      | Reached skill level 10 in Fighting
  4162 | D:5      | Reached *** piety under Hepliaklqana
  4989 | D:6      | Found a broken altar of Ashenzari.
  5271 | D:6      | Reached **** piety under Hepliaklqana
  5537 | D:7      | Reached skill level 11 in Fighting
  5537 | D:7      | Reached XP level 9. HP: 44/57 MP: 10/10
  5624 | D:7      | Found a sand-covered staircase.
  5643 | Ossuary  | Entered an ossuary
  5998 | D:7      | Reached skill level 12 in Fighting
  6514 | D:7      | Reached skill level 13 in Fighting
  6687 | D:7      | Reached XP level 10. HP: 65/65 MP: 11/11
  7046 | D:8      | Reached skill level 14 in Fighting
  7058 | D:8      | HP: 2/67 [basilisk (4)]
  7060 | D:8      | Slain by an orc warrior

Illustrated notes

Levels and vault maps discovered:
D:1:      minmay_arrival_diagonal_passages, layout_basic, minmay_split_cup_small
D:2:      layout_basic, basic_altar, dk_noncrumbling_3, minmay_tromino_i2
D:3:      layout_loops_ring, minmay_crystal_water,
          chequers_serial_rivers_micro_b
D:4:      layout_basic, bloody_makhleb, temple_fountains, gup_sewer_entry_pipe,
          nicolae_letterblocks [nicolae_letter_subblock,
          nicolae_letter_subblock, nicolae_letter_subblock,
          nicolae_letter_subblock, nicolae_letter_subblock,
          nicolae_letter_subblock, nicolae_letter_subblock,
          nicolae_letter_subblock, nicolae_letter_subblock,
          nicolae_letter_subblock, nicolae_letter_subblock,
          nicolae_letter_subblock, nicolae_letter_subblock,
          nicolae_letter_subblock, nicolae_letter_subblock,
          nicolae_letter_subblock, nicolae_letter_subblock,
          nicolae_letter_subblock, nicolae_letter_subblock,
          nicolae_letter_subblock, nicolae_letter_subblock,
          nicolae_letter_subblock, nicolae_letter_subblock,
          nicolae_letter_subblock, nicolae_letter_subblock],
          uniq_crazy_yiuf_cottage, uniq_sigmund, uniq_eustachio, uniq_grinder
D:5:      layout_basic, amcnicky_mini_pool_small, minivault_23,
          dilly_guarded_unrand_devastator
D:6:      layout_basic, mainiacjoe_overflow_boulevard
D:7:      kennysheep_seaside_town, layout_basic, enter_ossuary_4
D:8:      layout_rooms, minmay_lair_entry_grove, kennysheep_kite_vault,
          uniq_maurice

Skill      XL: |  1  2  3  4  5  6  7  8  9 10 |
---------------+-------------------------------+-----
Fighting       | 4 5 6 7 9 11 13 14 | 14.1
Polearms       | 4 5 |  5.0
Dodging        | |  3.2

Action                     |  1- 3 |  4- 6 |  7- 9 | 10-12 || total
---------------------------+-------+-------+-------+-------++-------
  Melee: Spear             |   104 |   202 |   423 |    68 ||   797
         Kick              |    19 |    32 |   128 |    22 ||   201
         Peck              |     9 |    31 |    77 |    14 ||   131
         Trident           |       |    10 |       |       ||    10
 Invoke: Ancestor Life: Kn |       |     1 |       |       ||     1
    Use: Scroll            |       |     3 |       |     5 ||     8
   Stab: Sleeping          |     5 |     2 |       |       ||     7
         Distracted        |       |     1 |     1 |     1 ||     3
 Armour: Robe              |    15 |       |       |       ||    15
         Leather armour    |    14 |    71 |   127 |    39 ||   251
  Dodge: Dodged            |    44 |    66 |   158 |    66 ||   334
  Block: Kite shield       |     7 |    70 |   121 |    25 ||   223

Table legend: (Time is in decaauts)
 A = Elapsed time spent in this place.
 B = Non-inter-level travel time spent in this place.
 C = Inter-level travel time spent in this place.
 D = Time resting spent in this place.
 E = Time spent auto-exploring this place.
 F = Levels seen in this place.
 G = Mean time per level.
                   A        B        C        D        E       F      G
               +--------+--------+--------+--------+--------+-----+--------+
         Total |   7212 |   6883 |    329 |    133 |   4851 |  10 |  721.2 |
       Dungeon |   6523 |   6194 |    329 |    109 |   4461 |   8 |  815.4 |
         Sewer |    479 |    479 |      0 |     24 |    268 |   1 |  479.0 |
       Ossuary |    209 |    209 |      0 |      0 |    122 |   1 |  209.0 |
               +--------+--------+--------+--------+--------+-----+--------+

Top non-repeatable levels by time:
     D:4: 1252 daAuts
     D:7: 1204 daAuts
     D:5: 1061 daAuts
     D:2: 800 daAuts
     D:1: 793 daAuts
     D:3: 673 daAuts
     D:6: 598 daAuts
   Sewer: 479 daAuts
 Ossuary: 209 daAuts
     D:8: 140 daAuts
